 Dungeon Crawl Stone Soup version 0.22.0 (webtiles) character file.

3276 AymanAU the Grappler (level 9, -10/144 HPs)
             Began as a Troll Berserker on Nov 1, 2018.
             Was a High Priest of Trog.
             Mangled by a two-headed ogre
             ... wielding a +0 giant club
              (16 damage)
             ... on level 8 of the Dungeon.
             The game lasted 00:15:21 (6647 turns).

AymanAU the Grappler (Troll Berserker)              Turns: 6647, Time: 00:15:21

Health: -10/144    AC:  5    Str: 32    XL:     9   Next: 68%
Magic:  8/8        EV:  5    Int:  3    God:    Trog [*****.]
Gold:   505        SH: 14    Dex: 12    Spells: 8/8 levels left

rFire    . . .     SeeInvis .     - Unarmed
rCold    . . .     Gourm    +   g - +0 large shield
rNeg     . . .     Faith    .   r - +0 robe
rPois    .         Spirit   .   (helmet restricted)
rElec    .         Reflect  .   (no cloak)
rCorr    .         Harm     .   (gloves unavailable)
MR       .....                  (boots unavailable)
Stlth    ..........             (no amulet)
HPRegen  0.74/turn              p - ring of stealth
MPRegen  0.11/turn              (no ring)

@: berserking, lethally poisoned (-10 -> -10), very quick
A: large, unfitting armour, claws 3, fast metabolism 3, gourmand, regeneration
1, shaggy fur 1, tough skin 2
a: Berserk, Trog's Hand, Brothers in Arms, Renounce Religion


You were on level 8 of the Dungeon.
You worshipped Trog.
Trog was extremely pleased with you.
You were very full.

You visited 1 branch of the dungeon, and saw 8 of its levels.
You also visited: Sewer.

You collected 505 gold pieces.

Inventory:

Hand Weapons
 t - a +0 flail of protection
 v - a +0 giant spiked club
 B - a +1 whip of flaming
 K - the +10 trident of Understanding {freeze, rN+, unknown}
   (You found it on level 8 of the Dungeon)

   It has been specially enchanted to freeze those struck by it, causing extra
   injury to most foes and up to half again as much damage against particularly
   susceptible opponents.
   It can also slow down cold-blooded creatures.
   It protects you from negative energy.
Missiles
 f - 231 stones (quivered)
 m - 11 poisoned needles
 u - 2 needles of frenzy
 w - 2 large rocks
 x - a throwing net
 H - 2 needles of confusion
Armour
 a - a +0 animal skin
 g - a +0 large shield (worn)
 r - a +0 robe (worn)
Jewellery
 p - a ring of stealth (left claw)
 F - an uncursed ring of fire {unknown}
Wands
 n - a wand of paralysis (16)
 C - a wand of random effects (29)
 E - a wand of polymorph (6)
 I - a wand of digging (14)
Scrolls
 e - a scroll of blinking
 h - 2 scrolls of noise {unknown}
 i - 4 scrolls of identify
 j - 3 scrolls of teleportation
 l - a scroll of enchant weapon {unknown}
 o - 4 scrolls of remove curse {unknown}
 y - a scroll of enchant armour
 z - a scroll of magic mapping {unknown}
 D - a scroll of immolation {unknown}
Potions
 c - 4 potions of agility {unknown}
 d - 2 potions of curing {unknown}
 k - a potion of flight {unknown}
 q - a potion of might {unknown}
 s - 3 potions of lignification {unknown}
 A - 2 potions of heal wounds {unknown}
 G - 2 potions of haste {unknown}
Comestibles
 b - 17 rations
 J - 3 chunks of flesh


   Skills:
 - Level 8.0 Fighting
 + Level 6.4 Throwing
 - Level 2.4 Dodging
 - Level 8.1 Unarmed Combat


You had 8 spell levels left.
You didn't know any spells.
Your spell library was empty.

Dungeon Overview and Level Annotations

Branches:
Dungeon (8/15)             Temple (0/1) D:5
   Lair: D:8-11

Altars:
Elyvilon
Fedhas
Kikubaaqudgha
The Shining One


Innate Abilities, Weirdness & Mutations

You are too large for most types of armour.
You have claws for hands.
Your metabolism is lightning-fast.
You like to eat raw meat.
Your natural rate of healing is unusually fast.
You are covered in fur. (AC +1)
You have very tough skin. (AC +2)


Message History

The two-headed ogre hits you with a giant club!!
You scratch the two-headed ogre.
The two-headed ogre is lightly wounded.
You block the two-headed ogre's attack. x2
Your shield prevents you from hitting the two-headed ogre.
The two-headed ogre is lightly wounded.
You closely miss the two-headed ogre.
The two-headed ogre is lightly wounded.
The two-headed ogre hits you with a giant club!!
* * * LOW HITPOINT WARNING * * *
You block the two-headed ogre's attack.
Your shield prevents you from hitting the two-headed ogre.
The two-headed ogre is lightly wounded.
You mangle the two-headed ogre!!
The two-headed ogre is heavily wounded.
You feel sick.
The two-headed ogre hits you with a giant club!!
* * * LOW HITPOINT WARNING * * *
The two-headed ogre hits you with a giant club!
You die...

##..).#.#..#......#
#......#.#.......#
#...#....#.......#
.##...#.............
.......)..###......#
...#...##(#.........'
.........S#.#.......#
...#....#O#.#.#......
..####.#@#.#.#.#####
. #.#.#.#### ..
..#......# ..
..(###.##.#
#..........##.#
##..>#.####.# #.###.
#.# #. # #.# #.# #


You could see a two-headed ogre and an adder.

Vanquished Creatures
  Grinder (D:3)
  A hippogriff (D:7)
  Sigmund (D:3)
  Purgy (Sewer)
  An orc warrior (D:6)
  2 ice beasts (D:6)
  4 ogres (D:5)
  A black bear (D:6)
  2 centaurs
  3 bullfrogs
  A scorpion (D:6)
  2 electric eels (D:6)
  3 vampire bats (D:6)
  2 howler monkeys
  A centaur zombie (D:7)
  2 jellies (D:5)
  2 centaur skeletons
  11 hounds
  A gnoll shaman (D:5)
  2 orc priests (D:5)
  Jessica (D:3)
  Natasha (twice) (D:3)
  4 orc wizards
  A worker ant (D:4)
  2 worker ant zombies
  11 gnolls
  18 adders
  2 river rats (D:6)
  A shadow imp (D:7)
  An ooze (D:7)
  An adder zombie (D:5)
  2 adder skeletons (D:5)
  5 worms
  4 dart slugs
  5 leopard geckos
  7 orcs
  17 bats
  8 giant cockroaches
  4 hobgoblins
  17 jackals
  4 quokkas
  2 ball pythons (D:2)
  2 frilled lizards (D:1)
  6 goblins
  16 kobolds
  A leopard gecko skeleton (D:5)
  A quokka skeleton (D:4)
  16 rats
  A bush (D:5)
206 creatures vanquished.

Vanquished Creatures (others)
  A leopard gecko skeleton (D:4)
1 creature vanquished.

Grand Total: 207 creatures vanquished

Notes
Turn   | Place    | Note
-------+----------+-------------------------------------------
     0 | D:1      | AymanAU the Troll Berserker began the quest for the Orb.
     0 | D:1      | Reached XP level 1. HP: 22/22 MP: 0/0
    80 | D:1      | Reached XP level 2. HP: 29/29 MP: 1/1
   598 | D:1      | Reached XP level 3. HP: 34/36 MP: 2/2
   935 | D:1      | Reached ** piety under Trog
  1365 | D:2      | Reached XP level 4. HP: 31/44 MP: 3/3
  1425 | D:2      | Reached skill level 5 in Unarmed Combat
  1887 | D:3      | Noticed Sigmund
  1900 | D:3      | Killed Sigmund
  1900 | D:3      | Reached XP level 5. HP: 50/50 MP: 4/4
  1900 | D:3      | Reached XP level 6. HP: 59/59 MP: 5/5
  1927 | D:3      | Noticed Jessica
  1951 | D:3      | Killed Jessica
  1951 | D:3      | Reached *** piety under Trog
  2192 | D:3      | Noticed Grinder
  2202 | D:3      | Paralysed by Grinder for 2 turns
  2215 | D:3      | Killed Grinder
  2215 | D:3      | Reached XP level 7. HP: 64/66 MP: 6/6
  2620 | D:3      | Noticed Natasha
  2626 | D:3      | Killed Natasha
  2712 | D:3      | Noticed Natasha
  2715 | D:3      | Killed Natasha
  2955 | D:4      | Found a white marble altar of Elyvilon.
  3483 | D:5      | Entered Level 5 of the Dungeon
  3483 | D:5      | Found a blossoming altar of Fedhas.
  3501 | D:5      | Reached skill level 5 in Fighting
  3501 | D:5      | Reached XP level 8. HP: 80/80 MP: 7/7
  3532 | D:5      | Found an ancient bone altar of Kikubaaqudgha.
  3552 | D:5      | Found a staircase to the Ecumenical Temple.
  3922 | D:5      | Reached **** piety under Trog
  4561 | D:6      | Reached XP level 9. HP: 67/96 MP: 8/8
  4658 | D:6      | Reached skill level 1 in Throwing
  4760 | D:6      | Reached ***** piety under Trog
  4789 | D:6      | Found a glowing drain.
  4799 | Sewer    | Entered a sewer
  4918 | Sewer    | Noticed Purgy
  4922 | Sewer    | Killed Purgy
  5122 | D:6      | Found a glowing golden altar of the Shining One.
  5734 | D:6      | Received a gift from Trog
  5976 | D:6      | Reached skill level 5 in Throwing
  6057 | D:7      | Found a blossoming altar of Fedhas.
  6618 | D:8      | Got a bone trident
  6627 | D:8      | Noticed a two-headed ogre
  6647 | D:8      | HP: 6/144 [two-headed ogre/giant club (32)]
  6647 | D:8      | Mangled by a two-headed ogre

Skill      XL: |  1  2  3  4  5  6  7  8  9 |
---------------+----------------------------+-----
Unarmed Combat | 4 6 8 |  8.1
Fighting       | 5 8 |  8.0
Throwing       | 6 |  6.4
Dodging        | |  2.4

Action                   |  1- 3 |  4- 6 |  7- 9 || total
-------------------------+-------+-------+-------++-------
Melee: Unarmed           |   144 |    80 |   412 ||   636
       Punch             |     1 |       |       ||     1
Throw: Stone             |       |    12 |    41 ||    53
Invok: Berserk           |     2 |     2 |     7 ||    11
  Use: Scroll            |       |       |     3 ||     3
 Stab: Sleeping          |     1 |     2 |     3 ||     6
       Distracted        |     1 |       |       ||     1
  Eat: Chunk             |    19 |    11 |    48 ||    78
Armor: Animal skin       |    53 |    15 |    62 ||   130
       Robe              |       |       |    46 ||    46
Dodge: Dodged            |    63 |    15 |    70 ||   148
Block: Large shield      |    65 |    56 |   265 ||   386
